 Dungeon Crawl Stone Soup version 0.21.1-1-g345015f (webtiles) character file.

84 Akransas the Sneak (level 4, -7/30 HPs)
             Began as an Octopode Assassin on May 22, 2018.
             Mangled by a centaur (9 damage)
             ... on level 2 of the Dungeon.
             The game lasted 00:10:26 (1712 turns).

Akransas the Sneak (Octopode Assassin)              Turns: 1712, Time: 00:10:27

Health: -7/30      AC:  1    Str: 10    XL:     4   Next: 46%
Magic:  4/4        EV: 13    Int: 13    God:
Gold:   96         SH:  0    Dex: 14    Spells: 3/3 levels left

rFire    . . .     SeeInvis .   a - +2 dagger
rCold    . . .     Gourm    .   (no shield)
rNeg     . . .     Faith    .   (helmet restricted)
rPois    .         Spirit   .   (no amulet)
rElec    .         Reflect  .   (no ring)
rCorr    .         Harm     .   (no ring)
MR       .....                  (no ring)
Stlth    ++++......             (no ring)
HPRegen  0.10/turn              (no ring)
MPRegen  0.09/turn              (no ring)
                                (no ring)
                                (no ring)

@: no status effects
A: almost no armour, stealthy swim, amphibious, 8 rings, constrict 8, camouflage
1, gelatinous body 1
a: no special abilities


You were on level 2 of the Dungeon.
You were not hungry.

You visited 1 branch of the dungeon, and saw 2 of its levels.

You collected 96 gold pieces.

Inventory:

Hand Weapons
 a - a +2 dagger (weapon)
 b - a +0 blowgun
Missiles
 c - 6 poisoned needles
 d - 2 curare-tipped needles
Armour
 e - a +0 shield
Scrolls
 g - 2 scrolls of teleportation {unknown}
 k - a scroll of random uselessness {unknown}
 n - 2 scrolls of identify {unknown}
 q - a scroll of remove curse {unknown}
Potions
 h - a potion of curing
 i - a potion of might {unknown}
 l - a potion of haste {unknown}
 m - a potion of mutation {unknown}
 o - a potion of heal wounds {unknown}
 p - a potion of flight {unknown}
Comestibles
 f - a ration
 j - a chunk of flesh


   Skills:
 + Level 2.7 Fighting
 + Level 2.6 Short Blades
 + Level 2.6 Throwing
 + Level 1.9 Dodging
 + Level 5.9 Stealth


You had 3 spell levels left.
You didn't know any spells.

Dungeon Overview and Level Annotations

Branches:
Dungeon (2/15)

Altars:


Innate Abilities, Weirdness & Mutations

You cannot wear most types of armour.
You are very stealthy in the water. (Stealth+)
You are amphibious.
You can wear up to eight rings at the same time.
You can use your tentacles to constrict eight enemies at once.
Your skin changes colour to match your surroundings (Stealth+).
Your rubbery body absorbs attacks. (AC +1, EV +1)


Message History

The centaur unwields an uncursed shortbow.
The centaur hits you. The centaur completely misses you.
You see here 2 arrows.
You barely miss the centaur.
The centaur is moderately wounded.
The centaur hits you!
* * * LOW HITPOINT WARNING * * *
You hit the centaur.
The centaur is moderately wounded.
The centaur closely misses you.
You hit the centaur. You squeeze the centaur!
The centaur is almost dead.
The centaur hits you.
* * * LOW HITPOINT WARNING * * *
The centaur misses you.
Some of the chunks of flesh in your inventory have rotted away.
You barely miss the centaur. Your squeeze misses the centaur.
The centaur is severely wounded.
The centaur hits you!
You die...

##.......####.##.####.........
#..............#.##...........
#.....(........#.##.###.....#.
#.(.........##...##.........##
##....).....##..............##
##.........###..#..........##
#######...###..#.#.........>
###..c#....#.........#
###@#..###....#....#
#...........##..#..
#.........#####.#..
#.#................
##.#.......#####.#..
#####..#.......## #.#..
#....)..........####.#..
#.......................
#.......................


You could see a centaur.

Vanquished Creatures
  2 adders (D:2)
  2 oozes
  A worm (D:2)
  2 dart slugs (D:1)
  A ball python (D:2)
  5 giant cockroaches
  6 hobgoblins
  4 jackals (D:2)
  6 bats
  8 goblins
  4 kobolds (D:1)
  5 rats
46 creatures vanquished.

Notes
Turn   | Place    | Note
-------+----------+-------------------------------------------
     0 | D:1      | Akransas the Octopode Assassin began the quest for the Orb.
     0 | D:1      | Reached XP level 1. HP: 14/14 MP: 1/1
   169 | D:1      | Reached XP level 2. HP: 19/19 MP: 2/2
   556 | D:1      | Reached XP level 3. HP: 24/24 MP: 3/3
   887 | D:2      | Noticed a centaur
  1208 | D:2      | Reached XP level 4. HP: 25/30 MP: 4/4
  1712 | D:2      | Mangled by a centaur

Action                   |  1- 3 |  4- 6 || total
-------------------------+-------+-------++-------
Melee: Dagger            |    65 |    27 ||    92
       Tentacles         |    11 |     7 ||    18
       Constrict         |    19 |     5 ||    24
 Fire: Blowgun           |     9 |     4 ||    13
  Use: Potion            |       |     1 ||     1
 Stab: Sleeping          |     9 |     2 ||    11
  Eat: Chunk             |     1 |     1 ||     2
Armor: Skin              |     3 |     1 ||     4
Dodge: Dodged            |    29 |    11 ||    40
